 Dungeon Crawl Stone Soup version 0.31-a0-744-gbc345e7fcb (webtiles) character file.

Game seed: 2396213981726636195

1564 Dittersdorf the Covered (level 8, 0/78 HPs)
             Began as a Gargoyle Fighter on Sept 13, 2023.
             Was a Follower of Okawaru.
             Slain by a human
             ... wielding a +0 war axe
              (3 damage)
             ... in a bailey.
             The game lasted 00:09:26 (4996 turns).

Dittersdorf the Covered (Gargoyle Fighter)          Turns: 4996, Time: 00:09:26

Health: 0/78       AC: 13    Str: 22    XL:     8   Next: 89%
Magic:  0/8        EV: 10    Int:  9    God:    Okawaru [*.....]
Gold:   232        SH:  5    Dex:  9    Spells: 7/7 levels left

rFire   . . .        a - +0 flail
rCold   + . .        c - +0 buckler
rNeg    + . .        o - +0 ring mail of Puralip {rPois Regen+}
rPois   ∞            (no helmet)
rElec   +            l - +0 cloak
rCorr   .            (no gloves)
SInv    .            (no boots)
Will    +....        p - amulet of guardian spirit Stlth
                     h - ring of protection from cold
HPRegen 1.13/turn    j - ring of willpower
MPRegen 0.11/turn

%: guardian spirit
@: berserking (expiring), very quick
A: sickness immunity, AC +5, negative energy resistance 1, electricity
resistance, torment resistance 1, petrification resistance
a: Renounce Religion, Heroism


You were in a bailey.
You worshipped Okawaru.
Okawaru was aware of your devotion.
You visited 2 branches of the dungeon, and saw 8 of its levels.
You also visited: Bailey.

You collected 322 gold pieces.
You spent 90 gold pieces at shops.

Inventory:

Hand Weapons
 a - a +0 flail (weapon)
Missiles
 m - a poisoned dart (quivered)
Armour
 c - a +0 buckler (worn)
 l - a +0 cloak (worn)
 o - the +0 ring mail of Puralip (worn) {rPois Regen+}
   (You took it off a goblin on level 2 of the Dungeon)

   rPois:     It protects you from poison Regen+: It increases your rate of
   health regeneration.
Jewellery
 h - a ring of protection from cold (left hand)
 j - a ring of willpower (right hand)
 p - an amulet of guardian spirit (around neck)
Wands
 s - a wand of acid (1)
 u - a wand of roots (19)
Scrolls
 f - 2 scrolls of blinking
Potions
 b - 2 potions of haste
 d - a potion of might
 e - 5 potions of curing
 g - a potion of resistance
 i - a potion of berserk rage
 n - 2 potions of heal wounds {unknown}
 q - a potion of invisibility {unknown}
 r - 2 potions of enlightenment {unknown}
 t - a potion of brilliance {unknown}


   Skills:
 + Level 6.8 Fighting
 + Level 5.7 Maces & Flails
 + Level 6.8 Armour
 + Level 6.7 Shields


You had 7 spell levels left.
You didn't know any spells.
Your spell library contained the following spells:

 Spells                   Type           Power      Damage    Failure   Level
 Apportation              Tloc           0%         N/A       58%         1
 Necrotise                Necr           0%         1d4       58%         1
 Slow                     Hex            0%         N/A       58%         1
 Wereblood                Tmut           0%         N/A       73%         2
 Confusing Touch          Hex            0%         N/A       91%         3
 Sigil of Binding         Hex            0%         N/A       91%         3
 Vampiric Draining        Necr           0%         2d6       91%         3
 Petrify                  Tmut/Erth      0%         N/A       100%        4
 Irradiate                Conj/Tmut      0%         3d11      100%        5
 Summon Small Mammal      Summ           Unusable   N/A       N/A         1
 Sublimation of Blood     Necr           Unusable   N/A       N/A         2
 Summon Hydra             Summ           Unusable   N/A       N/A         7

Dungeon Overview and Level Annotations

Branches:
Dungeon (7/15)             Temple (1/1) D:6          Bailey (1/1)

Altars:
Ashenzari
Cheibriados
Elyvilon
Gozag
Hepliaklqana
Kikubaaqudgha
Makhleb
Nemelex Xobeh
Okawaru
Ru
Uskayaw
Vehumet
Wu Jian
Xom
Zin
The Shining One

Shops:
D:7 ?


Innate Abilities, Weirdness & Mutations

You are immune to sickness and miasma.
Your stone body is resilient. (AC +5)
You are immune to poison.
You resist negative energy. (rN+)
You are resistant to electric shocks. (rElec)
You are resistant to unholy torment.
You are immune to petrification.


Message History

A red film seems to cover your vision as you go berserk!
You feel yourself moving faster!
You feel mighty! The human hits you with a +0 war axe!
The human hits you with a +2 heavy hand axe!
* * * LOW HITPOINT WARNING * * *
You closely miss the human.
The human is lightly wounded.
The human hits you with a +0 war axe!
* * * LOW HITPOINT WARNING * * *
You sock the human!
The human is severely wounded.
The human hits you but does no damage. You block the human's attack.
You barely miss the human.
The human is severely wounded.
The human completely misses you.
You sock the human!
The human is almost dead.
You block the human's attack.
You closely miss the human.
The human is almost dead.
The human hits you with a +0 war axe.
* * * LOW HITPOINT WARNING * * *
You sock the human!
You kill the human!
Okawaru is honoured by your kill. The human closely misses you.
You closely miss the human.
The human is moderately wounded.
You closely miss the human.
The human is moderately wounded.
The human hits you with a +0 war axe.
* * * LOW HITPOINT WARNING * * *
You closely miss the human.
The human is moderately wounded.
The human hits you with a +0 war axe!
* * * LOW HITPOINT WARNING * * *
You sock the human!
The human is severely wounded.
The human hits you with a +0 war axe.
You die...

##### ##...##
#..∩..+
#....)######
#..∩.@pg...#
##...##......#
#####.......#
...######
#..## #.. #..
##.


You could see a human and a hobgoblin.

Vanquished Creatures
  Prince Ribbit (D:7)
  A human (Bailey)
  A water moccasin (D:6)
  A black bear (D:4)
  A sky beast (D:7)
  An ice beast (D:7)
  An ogre (D:7)
  A centaur (D:5)
  A phantom (D:5)
  2 scorpions
  A howler monkey (D:4)
  2 jellies
  2 orc priests
  2 hounds
  Crazy Yiuf (D:2)
  2 sleepcaps (D:7)
  Jessica (D:3)
  An orc wizard (D:7)
  5 adders
  A white imp (D:5)
  An ufetubus (D:7)
  3 dart slugs
  17 orcs
  4 ball pythons
  9 endoplasms
  6 giant cockroaches
  9 goblins
  3 hobgoblins
  2 jackals (D:2)
  3 quokkas
  7 bats
  5 frilled lizards
  7 kobolds
  7 rats
112 creatures vanquished.

Notes
Turn   | Place    | Note
-------+----------+-------------------------------------------
     0 | D:1      | Dittersdorf the Gargoyle Fighter began the quest for the
                  | Orb.
     0 | D:1      | Reached XP level 1. HP: 14/14 MP: 1/1
   119 | D:1      | Reached XP level 2. HP: 19/19 MP: 2/2
   339 | D:1      | Reached XP level 3. HP: 23/23 MP: 3/3
   355 | D:1      | Found a faded altar of an unknown god.
   929 | D:2      | Identified the +0 ring mail of Puralip {rPois Regen+}
  1161 | D:2      | Reached XP level 4. HP: 18/29 MP: 4/4
  1404 | D:2      | Found a runed translucent door.
  1405 | D:2      | Noticed Crazy Yiuf
  1550 | D:2      | Killed Crazy Yiuf
  1689 | D:3      | Noticed a scorpion
  1703 | D:3      | Killed a scorpion
  1704 | D:3      | Reached XP level 5. HP: 34/34 MP: 5/5
  2186 | D:3      | Noticed Jessica
  2195 | D:3      | Killed Jessica
  2481 | D:4      | Reached XP level 6. HP: 30/39 MP: 6/6
  2911 | D:4      | Found an ancient bone altar of Kikubaaqudgha.
  3046 | D:5      | Entered Level 5 of the Dungeon
  3084 | D:5      | Noticed a black bear
  3102 | D:4      | Killed a black bear
  3154 | D:4      | Reached skill level 5 in Fighting
  3154 | D:4      | Reached skill level 5 in Armour
  3162 | D:5      | Reached skill level 5 in Shields
  3162 | D:5      | Reached XP level 7. HP: 40/44 MP: 5/7
  4012 | D:6      | Found a staircase to the Ecumenical Temple.
  4021 | Temple   | Entered the Ecumenical Temple
  4036 | Temple   | Became a worshipper of Warmaster Okawaru
  4111 | D:6      | Reached XP level 8. HP: 49/51 MP: 8/8
  4767 | D:7      | Noticed Prince Ribbit
  4790 | D:7      | Reached skill level 5 in Maces & Flails
  4826 | D:7      | Killed Prince Ribbit
  4848 | D:7      | Reached * piety under Okawaru
  4858 | D:7      | Found Dunwucauph's Magic Scroll Shoppe.
  4866 | D:7      | Bought a scroll of revelation for 90 gold pieces
  4873 | D:7      | Identified the +0 chain mail of Least Resistance {Rampage
                  | rC+}
  4897 | D:7      | Found a flagged portal.
  4971 | Bailey   | Entered a bailey
  4995 | Bailey   | HP: 2/78 [human/+0 war axe (9)]
  4996 | Bailey   | Slain by a human

Illustrated notes

Levels and vault maps discovered:
D:1:      shiori_shiawase, layout_basic, shapermc_ecumenical_altar_petra
D:2:      layout_basic, uniq_crazy_yiuf_cottage
D:3:      layout_loops_corners, uniq_jessica
D:4:      layout_basic, kiku_gazebo_garden_becter
D:5:      layout_rooms, chequers_serial_rivers_small_3, nrook_mini_backslash,
          nicolae_eternal_life
D:6:      layout_layer_cave, minmay_temple_entry_junction
D:7:      nzn_winding_woodlands_small [nzn_winding_woodlands_5x15_jagged,
          nzn_winding_woodlands_center_lodge,
          nzn_winding_woodlands_5x15_lazy_stream], layout_cave_pools,
          general_overflow_altar, gammafunk_temple_overflow_forgotten,
          serial_demonic, serial_demonic_f, serial_demonic_e, serial_demonic_c,
          serial_demonic_b, serial_shops, shop, enter_bailey_2, sigmund_army,
          uniq_prince_ribbit1
Temple:   eino_wide_crystal_templ
Bailey:   bailey_axe_froggy_fort_hellmonk, bailey

Skill      XL: |  1  2  3  4  5  6  7  8 |
---------------+-------------------------+-----
Fighting       | 4 5 6 |  6.8
Armour         | 4 5 6 |  6.8
Shields        | 4 5 6 |  6.7
Maces & Flails | 3 4 5 |  5.7

Action                     |  1- 3 |  4- 6 |  7- 9 || total
---------------------------+-------+-------+-------++-------
  Melee: Flail             |   144 |   166 |   213 ||   523
  Throw: Dart              |       |       |    14 ||    14
    Use: Scroll            |       |     9 |     3 ||    12
         Potion            |       |       |     1 ||     1
 Armour: Scale mail        |    87 |       |       ||    87
         Ring mail         |    37 |   193 |   244 ||   474
  Dodge: Dodged            |   110 |   111 |   132 ||   353
  Block: Buckler           |    46 |    47 |    59 ||   152

Table legend: (Time is in decaauts)
 A = Elapsed time spent in this place.
 B = Non-inter-level travel time spent in this place.
 C = Inter-level travel time spent in this place.
 D = Time resting spent in this place.
 E = Time spent auto-exploring this place.
 F = Levels seen in this place.
 G = Mean time per level.
                   A        B        C        D        E       F      G
               +--------+--------+--------+--------+--------+-----+--------+
         Total |   5121 |   4893 |    228 |     91 |   3506 |   9 |  569.0 |
       Dungeon |   5067 |   4867 |    200 |     91 |   3506 |   7 |  723.9 |
        Temple |     30 |      2 |     28 |      0 |      0 |   1 |   30.0 |
        Bailey |     23 |     23 |      0 |      0 |      0 |   1 |   23.0 |
               +--------+--------+--------+--------+--------+-----+--------+

Top non-repeatable levels by time:
     D:6: 1002 daAuts
     D:2: 897 daAuts
     D:3: 832 daAuts
     D:1: 781 daAuts
     D:4: 709 daAuts
     D:5: 559 daAuts
     D:7: 286 daAuts
  Temple: 30 daAuts
  Bailey: 23 daAuts
